 Dungeon Crawl Stone Soup version 0.28-b1-1-g3c77fb2ed1 (webtiles) character file.

Game seed: 900867259517035305

17 Akaron the Conjurer (level 2, -7/17 HPs)
             Began as an Octopode Conjurer on Jan 30, 2022.
             Mangled by a worm (9 damage)
             ... on level 2 of the Dungeon.
             The game lasted 00:01:30 (1495 turns).

Akaron the Conjurer (Octopode Conjurer)             Turns: 1495, Time: 00:01:31

Health: -7/17      AC:  1    Str:  6    XL:     2   Next: 62%
Magic:  1/5        EV: 13    Int: 20    God:
Gold:   47         SH:  0    Dex: 10    Spells: 2/5 levels left

rFire   . . .      SeeInvis .   (no weapon)
rCold   . . .      Faith    .   (no shield)
rNeg    . . .      Spirit   .   (helmet restricted)
rPois   .          Reflect  .   (no amulet)
rElec   .          Harm     .   (no ring)
rCorr   .          Rampage  .   (no ring)
Will    .....                   (no ring)
Stlth   +++.......              (no ring)
HPRegen 0.05/turn               (no ring)
MPRegen 0.09/turn               (no ring)
                                (no ring)
                                (no ring)

@: no status effects
A: almost no armour, amphibious, 8 rings, camouflage 1, gelatinous body 1,
(nimble swimmer 1), tentacles
a: no special abilities


You were on level 2 of the Dungeon.
You visited 1 branch of the dungeon, and saw 2 of its levels.

You collected 47 gold pieces.

Inventory:

Scrolls
 a - a scroll of enchant weapon {unknown}
 b - a scroll of identify {unknown}
 d - 2 scrolls of noise {unknown}
Potions
 c - a potion of brilliance {unknown}
 e - a potion of attraction {unknown}
 f - a potion of lignification {unknown}


   Skills:
 + Level 2.0 Dodging
 - Level 3.0 Stealth
 + Level 2.1 Spellcasting
 + Level 4.5 Conjurations


You had 2 spell levels left.
You knew the following spells:

 Your Spells              Type           Power      Damage    Failure   Level
a - Magic Dart            Conj           80%        1d7       2%          1
b - Searing Ray           Conj           40%        2d5       3%          2

Your spell library contained the following spells:

 Spells                   Type           Power      Damage    Failure   Level
 Dazzling Flash           Conj/Hex       22%        N/A       19%         3
 Fulminant Prism          Conj/Hex       5%         3d7       52%         4
 Iskenderun's Mystic Bla  Conj/Tloc      11%        2d4       52%         4


Dungeon Overview and Level Annotations

Branches:
Dungeon (2/15)

Altars:


Innate Abilities, Weirdness & Mutations

You cannot wear most types of armour.
You are amphibious.
You can wear up to eight rings at the same time.
Your skin changes colour to match your surroundings (Stealth+).
Your rubbery body absorbs attacks. (AC +1, EV +1)
((You are camouflaged when in or above water. (Stealth+)))
You have tentacles for arms and can constrict up to eight enemies at once.


Message History

Done exploring.
You climb downwards.
There is a stone staircase leading up here.
You see here a ball python corpse.
Found 15 stones.
Things that are here:
6 boomerangs; a jackal corpse The magic dart hits the worm.
The worm is lightly wounded.
The magic dart hits the worm.
The worm is moderately wounded.
The magic dart hits the worm.
The worm is moderately wounded.
The magic dart hits the worm but does no damage.
The worm is moderately wounded.
The magic dart hits the worm.
The worm is heavily wounded.
You barely miss the worm. You grab the worm.
The worm is moderately wounded.
You constrict the worm. The worm barely misses you.
You tentacle-slap the worm but do no damage.
The worm is moderately wounded.
You constrict the worm. You tentacle-slap the worm.
The worm is heavily wounded.
You constrict the worm. The worm bites you!
Ouch! That really hurt!
You tentacle-slap the worm but do no damage.
You squeeze the worm.
The worm is severely wounded.
You constrict the worm. The worm bites you.
* * * LOW HITPOINT WARNING * * *
You tentacle-slap the worm but do no damage.
The worm is severely wounded.
You constrict the worm. You tentacle-slap the worm.
The worm is severely wounded.
You constrict the worm. The worm bites you!
Ouch! That really hurt!
You die...

.. .. #######.#
#.....#.###.#
###.###.#..##.#
#....##....##.#
#รท#<....##.##.#
########(###.#....##.#
#.........@w.#.##.)#.#
#........#####.###.#.#
# #........# #.#
#...#.# #........#
#.####..#.# #.(......#
#.#.......# ##########
..#.##..### .## #..# .
#.># ##.#


You could see a worm.

Vanquished Creatures
  2 ball pythons
  2 giant cockroaches (D:1)
  2 goblins
  4 jackals (D:2)
  A quokka (D:1)
  A kobold (D:1)
  3 rats
15 creatures vanquished.

Notes
Turn   | Place    | Note
-------+----------+-------------------------------------------
     0 | D:1      | Akaron the Octopode Conjurer began the quest for the Orb.
     0 | D:1      | Reached XP level 1. HP: 11/11 MP: 3/3
    46 | D:1      | Found a faded altar of an unknown god.
   761 | D:1      | Reached XP level 2. HP: 17/17 MP: 3/5
   844 | D:1      | Learned a level 2 spell: Searing Ray
  1495 | D:2      | Mangled by a worm

Illustrated notes

Levels and vault maps discovered:
D:1:      kennysheep_arrival_forest, layout_basic,
          chequers_ecumenical_altar_twisty
D:2:      layout_basic

Skill      XL: |  1 |
---------------+----+-----
Stealth        | 3 |  3.0
Dodging        | |  2.0
Spellcasting   | |  2.1
Conjurations   | |  4.5

Action                   || total
-------------------------++-------
Melee: Unarmed           ||    23
       Tentacles         ||     5
       Constrict         ||     4
 Cast: Magic Dart        ||    27
Armor: Skin              ||     2
Dodge: Dodged            ||     9
